 Dungeon Crawl Stone Soup version 0.26-a0-774-g1415c89e12 (webtiles) character file.

Game seed: 3121865180874897432

255 Kinoniko the Slasher (level 5, -1/46 HPs)
             Began as a Draconian Monk on Nov 9, 2020.
             Succumbed to Sigmund's poison
             ... on level 3 of the Dungeon.
             The game lasted 00:02:53 (3118 turns).

Kinoniko the Slasher (Draconian Monk)               Turns: 3118, Time: 00:02:54

Health: -1/46      AC:  5    Str: 14    XL:     5   Next: 91%
Magic:  5/5        EV: 13    Int: 10    God:
Gold:   85         SH: 10    Dex: 14    Spells: 4/4 levels left

rFire    . . .     SeeInvis .   a - +0 falchion
rCold    . . .     Faith    .   c - +0 buckler
rNeg     . . .     Spirit   .   (armour unavailable)
rPois    .         Reflect  +   (helmet restricted)
rElec    .         Harm     .   (no cloak)
rCorr    .         Rampage  .   (no gloves)
MR       .....                  (no boots)
Stlth    ++........             f - amulet of reflection
HPRegen  0.15/turn              (no ring)
MPRegen  0.09/turn              (no ring)

@: lethally poisoned (-1 -> -20)
A: unfitting armour, cold-blooded, AC +5
a: no special abilities


You were on level 3 of the Dungeon.
You visited 1 branch of the dungeon, and saw 4 of its levels.

You collected 85 gold pieces.

Inventory:

Hand Weapons
 a - a +0 falchion (weapon)
Armour
 c - a +0 buckler (worn)
Jewellery
 f - an amulet of reflection (around neck)
Wands
 e - a wand of disintegration (21)
Scrolls
 b - 7 scrolls of identify
 g - 2 scrolls of noise
 h - a scroll of teleportation
 i - a scroll of fog


   Skills:
 + Level 4.2 Fighting
 * Level 4.5 Long Blades
 + Level 3.4 Dodging
 - Level 1.7 Stealth
 * Level 3.0 Shields


You had 4 spell levels left.
You didn't know any spells.
Your spell library contained the following spells:

 Spells                   Type           Power        Failure   Level
 Animate Skeleton         Necr           #.....       38%         1
 Apportation              Tloc           #.....       38%         1
 Corona                   Hex            #......      38%         1
 Summon Small Mammal      Summ           #...         38%         1


Dungeon Overview and Level Annotations

Branches:
Dungeon (4/15)
 Temple: D:4-7

Altars:
The Shining One

Annotations:
D:3 Sigmund


Innate Abilities, Weirdness & Mutations

Your plain brown scales are hard. (AC +5)
You cannot fit into any form of body armour.
You are cold-blooded and may be slowed by cold attacks.


Message History

* * * LOW HITPOINT WARNING * * *
You feel sick. The frilled lizard closely misses you.
You riposte.
You barely miss the frilled lizard. You block something's attack.
You slash something!
* * * LOW HITPOINT WARNING * * *
You feel sick. You block the frilled lizard's attack.
You closely miss something. You tail-slap something.
* * * LOW HITPOINT WARNING * * *
You feel sick. You block the frilled lizard's attack.
You block something's attack. The frilled lizard barely misses you.
You miss something.
* * * LOW HITPOINT WARNING * * *
You feel sick.
You hear some strange, mumbled words.
A puff of flame appears from out of thin air!
The puff of flame misses you.
The puff of flame hits the frilled lizard!
The frilled lizard dies!
You barely miss something.
Your tail-slap misses something.
You die...

.. #..#############
................
##.[...###########
#####.........l..
#####......#
#####.####.# ##
#{@†..# ##
.#####.##### .. ...#.$
# ....# ..... #.##
..... #.## #### ....
#..### #######... ....
##...########.......##
..#
##...........#######


There were no monsters in sight!

Vanquished Creatures
  A water moccasin (D:3)
  A hound (D:3)
  Natasha (D:3)
  4 adders
  A worm (D:3)
  A dart slug (D:3)
  A leopard gecko (D:1)
  4 orcs (D:3)
  2 giant cockroaches
  3 goblins
  5 hobgoblins
  3 jackals (D:2)
  A ball python (D:3)
  5 bats
  2 frilled lizards
  11 kobolds
  9 rats
55 creatures vanquished.

Vanquished Creatures (others)
  A frilled lizard (D:3)
1 creature vanquished.

Grand Total: 56 creatures vanquished

Notes
Turn   | Place    | Note
-------+----------+-------------------------------------------
     0 | D:1      | Kinoniko the Draconian Monk began the quest for the Orb.
     0 | D:1      | Reached XP level 1. HP: 19/19 MP: 1/1
   629 | D:1      | Reached XP level 2. HP: 26/26 MP: 2/2
   646 | D:1      | Reached skill level 1 in Shields
  1101 | D:2      | Reached XP level 3. HP: 4/31 MP: 3/3
  1734 | D:2      | Found a glowing golden altar of the Shining One.
  2075 | D:3      | Reached XP level 4. HP: 35/40 MP: 4/4
  2327 | D:3      | Noticed Sigmund
  2360 | D:3      | Noticed a water moccasin
  2372 | D:3      | Killed a water moccasin
  2372 | D:3      | Reached XP level 5. HP: 31/46 MP: 5/5
  2659 | D:4      | Noticed a phantom
  2865 | D:3      | Noticed Natasha
  2900 | D:3      | Killed Natasha
  3117 | D:3      | HP: 1/46 [poisoned by Sigmund]
  3118 | D:3      | Succumbed to Sigmund's poison

Illustrated notes

Levels and vault maps discovered:
D:1:      dpeg_arrival_signposts, layout_basic
D:2:      layout_basic, old_standard_altar
D:3:      layout_rooms, uniq_jessica, uniq_natasha, uniq_sigmund
D:4:      layout_cave_pods, temple_hall, serial_bayou_crossing, uniq_robin

Skill      XL: |  1  2  3  4  5 |
---------------+----------------+-----
Shields        | 1 2 3 |  3.0
Dodging        | 3 |  3.4
Fighting       | 4 |  4.2
Long Blades    | 4 |  4.5
Stealth        | |  1.7

Action                   |  1- 3 |  4- 6 || total
-------------------------+-------+-------++-------
Melee: Falchion          |   102 |   100 ||   202
       Tailslap          |    15 |    14 ||    29
  Use: Potion            |     2 |       ||     2
       Scroll            |       |     5 ||     5
 Stab: Sleeping          |     4 |     3 ||     7
Armor: Skin              |    38 |    11 ||    49
Dodge: Dodged            |    65 |    42 ||   107
Block: Buckler           |    33 |    42 ||    75
       Reflection        |     2 |       ||     2
       Rpst.: Falchion   |    15 |    17 ||    32

Table legend: (Time is in decaauts)
 A = Elapsed time spent in this place.
 B = Non-inter-level travel time spent in this place.
 C = Inter-level travel time spent in this place.
 D = Time resting spent in this place.
 E = Time spent auto-exploring this place.
 F = Levels seen in this place.
 G = Mean time per level.
                   A        B        C        D        E       F      G
               +--------+--------+--------+--------+--------+-----+--------+
         Total |   3147 |   3055 |     92 |    841 |   1669 |   4 |  786.8 |
       Dungeon |   3147 |   3055 |     92 |    841 |   1669 |   4 |  786.8 |
               +--------+--------+--------+--------+--------+-----+--------+

Top non-repeatable levels by time:
     D:2: 1128 daAuts
     D:3: 1065 daAuts
     D:1: 950 daAuts
     D:4: 3 daAuts
